 Dungeon Crawl Stone Soup version 0.31-a0-441-g867994ef1c (webtiles) character file.

Game seed: 8270952752047902926

913 Neimanator the Poker (level 8, -1/69 HPs)
             Began as a Hill Orc Berserker on Aug 1, 2023.
             Was a Believer of Trog.
             Slain by a vampire (7 damage)
             ... on level 6 of the Dungeon on Aug 2, 2023.
             The game lasted 00:55:53 (5323 turns).

Neimanator the Poker (Hill Orc Berserker)           Turns: 5323, Time: 00:55:53

Health: -1/69      AC:  8    Str: 25    XL:     8   Next: 9%
Magic:  8/8        EV: 11    Int:  7    God:    Trog [**....]
Gold:   213        SH:  0    Dex: 10    Spells: 7/7 levels left

rFire   . . .        x - +8 dagger "Zodwaduc" {freeze, Str+3}
rCold   . . .        (no shield)
rNeg    . . .        q - +0 scale mail
rPois   .            i - +0 helmet
rElec   .            (no cloak)
rCorr   .            (no gloves)
SInv    .            (no boots)
Will    .....        l - amulet of the acrobat Stlth
                     (no ring)
HPRegen 0.31/turn    (no ring)
MPRegen 0.11/turn

%: acrobat
@: confused
A: no striking features
a: Renounce Religion, Berserk, Trog's Hand


You were on level 6 of the Dungeon.
You worshipped Trog.
Trog was pleased with you.
You visited 1 branch of the dungeon, and saw 6 of its levels.

You collected 213 gold pieces.

Inventory:

Hand Weapons
 a - a +0 spear
 b - a +0 mace
 e - a +0 dagger
 f - a +0 short sword
 h - a +0 giant club
 j - a +0 flail
 n - a +0 orcbow
 u - a +2 scythe of flaming
 x - the +8 dagger "Zodwaduc" (weapon) {freeze, Str+3}
   (You found it on level 5 of the Dungeon)

   Str:       It affects your strength (+3).
Missiles
 g - 43 stones (quivered)
Armour
 i - a +0 helmet (worn)
 m - a +0 leather armour
 q - a +0 scale mail (worn)
 r - a +0 ring mail
Magical Staves
 c - a staff of poison
Jewellery
 l - an amulet of the acrobat (around neck)
 s - an amulet of reflection
Scrolls
 v - a scroll of teleportation
 w - 2 scrolls of identify
 y - 2 scrolls of fog
Potions
 d - a potion of magic
 k - a potion of lignification
 o - 4 potions of degeneration
 p - a potion of attraction {unknown}
 t - 3 potions of mutation
 z - a potion of berserk rage
 A - a potion of ambrosia {unknown}


   Skills:
 + Level 5.5 Fighting
 + Level 6.9 Polearms
 + Level 0.3 Throwing
 + Level 5.4 Armour
 + Level 3.2 Dodging
 + Level 1.0 Stealth


You had 7 spell levels left.
You didn't know any spells.
Your spell library contained the following spells:

 Spells                   Type           Power      Damage    Failure   Level
 Inner Flame              Hex/Fire       0%         N/A       97%         3
 Yara's Violent Unravell  Hex/Tmut       0%         3d3       100%        5
 Enfeeble                 Hex            0%         N/A       100%        7


Dungeon Overview and Level Annotations

Branches:
Dungeon (6/15)
 Temple: D:4-7

Altars:
Ru


Message History

You barely miss the vampire.
The vampire is lightly damaged.
The vampire closely misses you.
The vampire bites you but does no damage.
You hit the vampire.
The vampire is lightly damaged.
The vampire casts a spell at you. You resist with some effort.
You hit the vampire but do no damage.
The vampire is lightly damaged.
The vampire hits you but does no damage.
The vampire bites you.
The vampire draws strength from your injuries!
You hit the vampire but do no damage.
The vampire is lightly damaged.
The vampire hits you! The vampire bites you.
The vampire draws strength from your injuries!
You hit the vampire but do no damage.
The vampire gestures wildly while chanting.
The vampire flickers and vanishes!
Deactivating autopickup; reactivate with Ctrl-A.
You hit something but do no damage. Something hits you!
Something bites you but does no damage.
You hit something but do no damage. Something hits you.
Something bites you but does no damage.
You hit something. You freeze something. Something hits you!
* * * LOW HITPOINT WARNING * * *
Something bites you.
* * * LOW HITPOINT WARNING * * *
Something draws strength from your injuries!
Something barely misses you. Something bites you.
* * * LOW HITPOINT WARNING * * *
Something draws strength from your injuries!
You hear some strange, mumbled words.
You are confused.
You're too confused to move!
You bump into the rock wall.
Something hits you but does no damage. Something bites you but does no damage.
You're too confused to move!
Something hits you!
You die...

##########
#####...@....#
####........###.#
##.##.###.##.# #.#
##.......#.##.#
#.#
#......#.#.##.#
#$#
#####...#.#.......
..# ..........#
####.# .##
#####..#### #.# .
#..# #.##.


There were no monsters in sight!

Vanquished Creatures
  Grinder (D:5)
  Sigmund (D:4)
  2 black bears
  An ogre (D:4)
  A jelly (D:4)
  A hound (D:5)
  An iguana (D:4)
  A sleepcap (D:5)
  4 gnolls (D:4)
  6 adders
  A shadow imp (D:5)
  An ufetubus (D:4)
  2 worms (D:2)
  3 dart slugs
  An orc (D:3)
  An endoplasm (D:1)
  2 giant cockroaches
  3 hobgoblins (D:1)
  4 jackals (D:2)
  12 kobolds
  2 quokkas (D:2)
  8 ball pythons
  6 bats
  2 frilled lizards (D:1)
  5 goblins
  6 rats
78 creatures vanquished.

Notes
Turn   | Place    | Note
-------+----------+-------------------------------------------
     0 | D:1      | Neimanator the Hill Orc Berserker began the quest for the
                  | Orb.
     0 | D:1      | Reached XP level 1. HP: 19/19 MP: 1/1
   102 | D:1      | Reached XP level 2. HP: 27/27 MP: 2/2
   711 | D:2      | Reached XP level 3. HP: 30/33 MP: 3/3
   934 | D:2      | Reached ** piety under Trog
   941 | D:2      | Reached skill level 4 in Polearms
  1048 | D:2      | Reached XP level 4. HP: 41/41 MP: 4/4
  1442 | D:2      | Upgraded the game from 0.31-a0-435-g2c6fae2916 to
                  | 0.31-a0-441-g867994ef1c
  1710 | D:3      | Found a sacrificial altar of Ru.
  2321 | D:4      | Noticed an ogre
  2378 | D:4      | HP: 1/41 [ogre/+0 giant club (20)]
  2379 | D:4      | Killed an ogre
  2380 | D:4      | Reached XP level 5. HP: 2/47 MP: 5/5
  2583 | D:4      | Reached skill level 5 in Polearms
  2891 | D:4      | Noticed a black bear
  2910 | D:4      | Killed a black bear
  2911 | D:4      | Reached XP level 6. HP: 42/55 MP: 6/6
  3329 | D:4      | Noticed Sigmund
  3355 | D:4      | Killed Sigmund
  3356 | D:4      | Reached skill level 5 in Fighting
  3356 | D:4      | Reached skill level 6 in Polearms
  3356 | D:4      | Reached XP level 7. HP: 51/61 MP: 7/7
  3959 | D:5      | Entered Level 5 of the Dungeon
  4194 | D:5      | Noticed Grinder
  4273 | D:5      | Paralysed by Grinder for 4 turns
  4283 | D:5      | Paralysed by Grinder for 4 turns
  4292 | D:5      | Paralysed by Grinder for 5 turns
  4511 | D:5      | Paralysed by Grinder for 5 turns
  4520 | D:5      | Killed Grinder
  4521 | D:5      | Reached skill level 5 in Armour
  4521 | D:5      | Reached skill level 1 in Stealth
  4521 | D:5      | Reached XP level 8. HP: 29/69 MP: 8/8
  4725 | D:5      | Identified the +8 dagger "Zodwaduc" {freeze, Str+3}
  5302 | D:6      | Noticed a vampire
  5323 | D:6      | Slain by a vampire

Illustrated notes

Levels and vault maps discovered:
D:1:      dpeg_arrival_shrine, layout_rooms, minmay_misc_feat_columns
D:2:      layout_basic
D:3:      layout_rooms, marbit_many_paths, wad_woods_river_04,
          grunt_decor_arrowhead
D:4:      layout_basic, uniq_sigmund
D:5:      layout_rooms, uniq_grinder
D:6:      layout_loops_corners, trog_book

Skill      XL: |  1  2  3  4  5  6  7 |
---------------+----------------------+-----
Fighting       | 4 5 |  5.5
Dodging        | 2 3 |  3.2
Polearms       | 4 5 6 |  6.9
Armour         | 3 4 5 |  5.4
Stealth        | 1 |  1.0
Throwing       | |  0.3

Action                     |  1- 3 |  4- 6 |  7- 9 || total
---------------------------+-------+-------+-------++-------
  Melee: Spear             |   127 |   234 |       ||   361
         Punch             |     1 |     3 |       ||     4
         Halberd           |       |       |    27 ||    27
         Dagger            |       |       |    21 ||    21
  Throw: Stone             |     4 |       |     6 ||    10
    Use: Scroll            |     5 |     4 |     3 ||    12
         Potion            |       |     3 |     2 ||     5
 Armour: Animal skin       |     5 |       |       ||     5
         Skin              |     1 |    20 |       ||    21
         Leather armour    |    21 |     2 |       ||    23
         Ring mail         |       |    53 |    12 ||    65
         Scale mail        |       |       |    11 ||    11
  Dodge: Dodged            |    55 |   133 |    23 ||   211

Table legend: (Time is in decaauts)
 A = Elapsed time spent in this place.
 B = Non-inter-level travel time spent in this place.
 C = Inter-level travel time spent in this place.
 D = Time resting spent in this place.
 E = Time spent auto-exploring this place.
 F = Levels seen in this place.
 G = Mean time per level.
                   A        B        C        D        E       F      G
               +--------+--------+--------+--------+--------+-----+--------+
         Total |   5316 |   5298 |     18 |   1118 |     63 |   6 |  886.0 |
       Dungeon |   5316 |   5298 |     18 |   1118 |     63 |   6 |  886.0 |
               +--------+--------+--------+--------+--------+-----+--------+

Top non-repeatable levels by time:
     D:4: 1845 daAuts
     D:3: 820 daAuts
     D:2: 812 daAuts
     D:5: 783 daAuts
     D:1: 623 daAuts
     D:6: 430 daAuts
